AoeStats
← descof

Arena

510090486Analyzed
2v2 RM · 2d ago on Sep 29, 2026· 28m 7s· 4 players
Game mode
Random Map
Map size
Medium (4 player)
Population
200
Speed
Normal
Resources
Standard
Victory
Conquest
Starting age
Dark Age
Ending age
Imperial Age
RankedLock teamsTeams togetherTeam positionsShared explorationLock speedFull tech treeHidden civsTurbo modeCheats
Victory
Defeat
🇷🇺 Spanish · Russia
1194
+20
🇷🇺 Celts · Russia
1188
+20
🇪🇸 Vietnamese · Spain
1316
-21
🇫🇷 Britons · France
1259
-19
descof
10:11 Feudal Age
11:51 Loom
14:38 Castle Age
13:00 Double-Bit Axe
17:47 Wheelbarrow
21:59 Fletching
22:49 Padded Archer Armor
22:33 Crossbowman
24:20 Bodkin Arrow
26:46 Gold Mining
Cantipedro
2:29 Loom
10:58 Feudal Age
14:46 Castle Age
13:03 Double-Bit Axe
16:10 Squires
17:26 Loom
23:31 Fletching
Deadmorozzzz
9:43 Feudal Age
14:07 Castle Age
13:05 Double-Bit Axe
14:19 Loom
22:30 Padded Archer Armor
25:01 Bloodlines
vladislav.kutcher
10:35 Feudal Age
11:38 Double-Bit Axe
14:06 Castle Age
12:08 Double-Bit Axe
12:19 Loom
12:51 Horse Collar
15:35 Bow Saw
27:07 Wheelbarrow
26:18 Town Watch
28:35 Scale Mail Armor
Connection lost

Rejoining the realm…

Still unreachable

The connection could not be restored.

Session expired

The server has moved on; the page needs a fresh start.